 Dungeon Crawl Stone Soup version 0.29-a0-542-g075992c915 (webtiles) character file.

Game seed: 3594560111015788868

45 quokkamancerX the Shooter (level 3, 0/27 HPs)
             Began as a Human Hunter on June 4, 2022.
             Slain by an adder (2 damage)
             ... on level 3 of the Dungeon.
             The game lasted 00:03:34 (1658 turns).

quokkamancerX the Shooter (Human Hunter)            Turns: 1658, Time: 00:03:34

Health: 0/27       AC:  4    Str: 11    XL:     3   Next: 90%
Magic:  3/3        EV: 12    Int:  9    God:
Gold:   55         SH:  0    Dex: 18    Spells: 2/2 levels left

rFire   . . .      SeeInvis .   b - +0 quarterstaff
rCold   . . .      Faith    .   (shield currently unavailable)
rNeg    . . .      Spirit   .   d - +0 leather armour
rPois   .          Reflect  .   k - +0 helmet
rElec   .          Harm     .   (no cloak)
rCorr   .          Rampage  .   (no gloves)
Will    .....                   (no boots)
Stlth   ++........              (no amulet)
HPRegen 0.09/turn               (no ring)
MPRegen 0.08/turn               (no ring)

@: no status effects
A: no striking features
a: no special abilities


You were on level 3 of the Dungeon.
You visited 1 branch of the dungeon, and saw 3 of its levels.

You collected 55 gold pieces.

Inventory:

Hand Weapons
 a - a +1 shortbow
 b - a +0 quarterstaff (weapon)
Missiles
 g - 3 curare-tipped darts
Armour
 d - a +0 leather armour (worn)
 k - a +0 helmet (worn)
Jewellery
 h - an amulet of guardian spirit
 n - a ring of protection from fire
Scrolls
 c - a scroll of immolation
 e - a scroll of silence {unknown}
 f - 2 scrolls of amnesia {unknown}
 i - 2 scrolls of teleportation {unknown}
 l - a scroll of identify {unknown}
 m - 3 scrolls of magic mapping {unknown}
Potions
 j - a potion of mutation {unknown}
 o - a potion of flight {unknown}
 p - 2 potions of magic {unknown}


   Skills:
 - Level 2.0 Fighting
 + Level 5.2 Bows
 - Level 2.0 Dodging
 - Level 1.0 Stealth


You had 2 spell levels left.
You didn't know any spells.
Your spell library was empty.

Dungeon Overview and Level Annotations

Branches:
Dungeon (3/15)

Altars:

Shops:
D:1 (


Message History

m - 3 scrolls labelled UMEASA TUCIV (gained 1)
You see here a +0 club.
A kobold comes into view. It is wielding a +0 dagger.
The kobold moves out of view.
A kobold is nearby!
You shoot an arrow. The arrow closely misses the kobold.
You shoot an arrow. The arrow closely misses the kobold.
You shoot an arrow. The arrow hits the kobold!
You kill the kobold!
No target in view!
No target in view!
Things that are here:
a +0 dagger; 4 stones; a kobold corpse
There is a stone staircase leading down here.
Done exploring.
Done exploring.
There is a stone staircase leading down here.
You climb downwards.
Found a stone staircase leading up.
There is a stone staircase leading up here.
Shoot: a) +1 shortbow
Press: ? - help, Q - select action, (/) - cycle Shift-Dir - straight line, f - adder
Aim: an adder (asleep, 98% to hit)
You shoot an arrow. The arrow hits the adder.
The adder hisses angrily.
The adder is heavily wounded.
You shoot an arrow. The arrow closely misses the adder.
The adder barely misses you. The orc hits you with a +0 flail.
The adder completely misses you.
You shoot an arrow. The arrow closely misses the adder.
The adder bites you but does no damage. The orc hits you with a +0 flail!
The adder barely misses you. The orc hits you with a +0 flail.
You are too injured to fight recklessly!
b - a +0 quarterstaff (weapon)
You hit the adder.
The adder is almost dead.
The adder bites you but does no damage. The orc hits you with a +0 flail!
* * * LOW HITPOINT WARNING * * *
The adder bites you.
You die...

#.# #.#
#.# #.#
###
#.#...
#.#.###
#.....#
#@o.#
#S#.#
... ..
##.#.
.#
.<#.. #
#.# ..
... ..#
#.# ##


You could see an adder and an orc.

Vanquished Creatures
  2 adders (D:2)
  An endoplasm (D:2)
  3 goblins (D:2)
  3 hobgoblins (D:2)
  3 kobolds
  4 quokkas
  5 ball pythons
  2 bats (D:2)
  A frilled lizard (D:1)
  3 rats (D:1)
27 creatures vanquished.

Notes
Turn   | Place    | Note
-------+----------+-------------------------------------------
     0 | D:1      | quokkamancerX the Human Hunter began the quest for the Orb.
     0 | D:1      | Reached XP level 1. HP: 16/16 MP: 1/1
   188 | D:1      | Reached XP level 2. HP: 22/22 MP: 2/2
   479 | D:1      | Found Qalur's Weapon Shoppe.
   858 | D:2      | Reached XP level 3. HP: 13/27 MP: 3/3
  1158 | D:2      | Reached skill level 5 in Bows
  1658 | D:3      | Slain by an adder

Illustrated notes

Levels and vault maps discovered:
D:1:      ebering_trefoil_twist, layout_basic, serial_shops,
          nicolae_shop_hallway_plus, minmay_pentomino_x4
D:2:      layout_loops_ring
D:3:      layout_basic, kennysheep_generic_room_8, uniq_terence

Skill      XL: |  1  2  3 |
---------------+----------+-----
Bows           | 5 |  5.2
Fighting       | |  2.0
Dodging        | |  2.0
Stealth        | |  1.0

Action                   || total
-------------------------++-------
Melee: Quarterstaff      ||     2
 Fire: Shortbow          ||    74
Armor: Leather armour    ||     5
Dodge: Dodged            ||    16

Table legend: (Time is in decaauts)
 A = Elapsed time spent in this place.
 B = Non-inter-level travel time spent in this place.
 C = Inter-level travel time spent in this place.
 D = Time resting spent in this place.
 E = Time spent auto-exploring this place.
 F = Levels seen in this place.
 G = Mean time per level.
                   A        B        C        D        E       F      G
               +--------+--------+--------+--------+--------+-----+--------+
         Total |   1678 |   1667 |     11 |    268 |   1107 |   3 |  559.3 |
       Dungeon |   1678 |   1667 |     11 |    268 |   1107 |   3 |  559.3 |
               +--------+--------+--------+--------+--------+-----+--------+

Top non-repeatable levels by time:
     D:2: 958 daAuts
     D:1: 714 daAuts
     D:3: 5 daAuts
